Map: Ombre blu LE

Players

KoEcho - Winner!

  • Race: Protoss Protoss
  • League: Bronze
  • Spawn Location: 1:00

I.A. 1 (Molto facile)

  • Race: Terran Terran
  • Spawn Location: 7:00

VOD

Have the link to the VOD?

Description

Time

  • Played on: Dec. 19, 2018, 3:04 p.m.
  • Length: 13:05
Show
View Real Time Build Order
Export as new Build Order

KoEcho Protoss - Winner!

Build Orders: 1 Gate Expand 

Get SALT Encoding   

  12  0:01  Probe  
  13  0:13  Probe  
  14  0:20  Pylon  
  14  0:21  Probe  
  15  0:34  Probe  
  15  0:39  Gateway  
  16  0:47  Assimilator  
  16  0:50  Probe  
  17  0:58  Probe  
  18  1:06  Probe  
  19  1:17  Probe  
  20  1:30  Nexus  
  20  1:43  Cybernetics Core  
  20  1:46  Probe  
  21  1:52  Assimilator  
  21  1:59  Probe  
  21  2:00  Pylon  
  22  2:09  Warp Gate  
  22  2:12  Stalker, Probe  
  25  2:33  Probe  
  26  2:43  Stalker  
  26  2:45  Probe  
  26  2:46  Robotics Facility  
  29  2:56  Probe  
  29  2:57  Probe  
  31  3:08  Probe  
  32  3:22  Probe x2  
  34  3:30  Immortal  
  38  3:43  Pylon  
  38  3:51  Gateway  
  38  3:52  Gateway  
  38  3:55  Stalker  
  40  4:05  Probe x2  
  42  4:27  Assimilator  
  42  4:29  Assimilator  
  42  4:34  Robotics Bay  
  42  4:37  Robotics Facility  
  42  4:40  Immortal  
  46  4:47  Stalker  
  46  4:48  Stalker  
  50  4:53  Stalker  
  52  5:10  Nexus  
  52  5:11  Probe x2  
  54  5:27  Gateway  
  54  5:31  Stargate x2  
  54  5:41  Pylon  
  54  5:44  Pylon  
  54  5:47  Pylon  
  54  5:50  Pylon  
  54  5:55  Probe x2  
  54  6:00  Immortal  
  54  6:04  Probe x2  
  62  6:12  Immortal  
  62  6:15  Probe  
  62  6:16  Probe  
  62  6:17  Sentry  
  62  6:18  Sentry  
  72  6:35  Probe x2  
  72  6:38  Disruptor, Probe  
  77  6:46  Probe  
  78  6:47  Probe x2  
  78  6:50  Void Ray  
  85  6:55  Probe  
  85  6:59  Probe x2  
  88  7:05  Disruptor  
  91  7:45  Assimilator x2  
  91  7:46  Immortal x2  
  99  7:51  Pylon  
  99  7:52  Pylon  
  99  7:54  Pylon  
  99  7:57  Probe x2  
  101  8:09  Void Ray x2, Probe x3  
  112  8:21  Probe  
  112  8:22  Forge  
  112  8:24  Disruptor  
  112  8:25  Disruptor, Forge  
  112  8:27  Forge  
  119  8:40  Probe  
  119  8:43  Probe x2  
  122  8:48  Probe  
  122  8:55  Probe x2  
  125  9:14  Pylon  
  125  9:15  Pylon x2  
  125  9:18  Pylon  
  125  9:28  Nexus  
  125  9:30  Pylon  
  125  9:32  Disruptor, Immortal  
  125  9:33  Protoss Ground Weapons Level 1, Protoss Shields Level 1, Protoss Ground Armor Level 1, Probe  
  125  9:34  Probe x2  
  125  9:36  Void Ray x2  
  143  9:45  Probe  
  144  9:57  Twilight Council  
  144  9:59  Probe x3  
  147  10:08  Immortal  
  147  10:11  Disruptor  
  154  10:19  Void Ray x2  
  162  10:32  Robotics Facility  
  162  10:34  Robotics Facility, Probe x2  
  162  10:35  Probe  
  165  10:37  Probe  
  166  10:45  Probe  
  166  10:46  Probe x2  
  166  10:47  Immortal x2, Probe  
  178  11:01  Pylon  
  178  11:02  Pylon  
  178  11:03  Pylon x2  
  178  11:14  Sentry  
  180  11:18  Void Ray x2  
  188  11:26  Immortal x3  
Show
View Real Time Build Order
Export as new Build Order

I.A. 1 (Molto facile) Terran 

Build Orders:  

Get SALT Encoding   

  12  0:00  SCV  
  13  0:13  SCV  
  14  0:18  Supply Depot  
  14  0:37  Refinery  
  14  0:42  Barracks  
  14  1:02  Supply Depot  
  14  1:11  Refinery  
  14  1:28  Orbital Command  
  14  1:29  Marine  
  15  1:48  Barracks Tech Lab  
  16  1:54  SCV  
  16  2:06  SCV  
  17  2:14  Marine  
  18  2:18  SCV  
  19  2:30  SCV  
  20  2:42  SCV  
  21  2:54  SCV  
  22  2:59  Marauder  
  24  6:38  SCV  
  24  6:39  Marine  
  26  6:40  Supply Depot  
  26  6:42  Factory  
  26  6:46  Command Center  
  26  6:50  SCV  
  27  7:04  Supply Depot  
  27  7:13  Marine  
  24  7:27  Starport  
  24  7:47  Marine  
  25  7:59  SCV  
  26  8:06  SCV  
  26  8:08  Refinery, Starport Tech Lab  
  26  8:12  Refinery  
  27  8:13  SCV  
  28  8:20  SCV  
  28  8:22  Marine  
  30  8:27  Raven  
  30  8:28  SCV  
  33  8:35  SCV  
  34  8:42  SCV  
  35  8:49  SCV  
  36  8:56  Marine  
  36  8:57  SCV  
  38  9:04  SCV  
  39  9:10  Raven  
  39  9:11  SCV  
  42  9:18  SCV  
  43  9:25  SCV  
  46  9:31  Marauder  
  46  9:33  SCV  
  47  9:40  SCV  
  48  9:47  SCV  
  49  9:54  SCV  
  50  10:01  SCV  
  51  11:30  SCV  
  51  12:08  Marine  
  51  12:12  Supply Depot  
  45  12:17  SCV  
  26  12:29  SCV  
  25  12:34  Factory Tech Lab  
  25  12:36  Supply Depot  
  26  12:41  SCV  
Tags
 
League
Bronze
Matchup
PvT
Spawn Locations
Cross Positions
Add a new tag
Caveats
  • Supply blocks, unpowered buildings, or Contaminate may cause inaccurate times.
  • Supply counts are checked every 10 seconds.